 Dungeon Crawl Stone Soup version 0.30-a0-879-ga8ba668304 (webtiles) character file.

Game seed: 15825648342610158190

751 M4edhros the Ducker (level 7, -3/51 HPs)
             Began as an Octopode Artificer on Mar 14, 2023.
             Was a Follower of Qazlal.
             Slain by Grinder (6 damage)
             ... while paralysed by Grinder
             ... on level 5 of the Dungeon.
             The game lasted 00:05:05 (4448 turns).

M4edhros the Ducker (Octopode Artificer)            Turns: 4448, Time: 00:05:05

Health: -3/51      AC:  1    Str: 11    XL:     7   Next: 78%
Magic:  7/7        EV:  2    Int: 14    God:    Qazlal [*.....]
Gold:   143        SH:  0    Dex: 14    Spells: 6/6 levels left

rFire   . . .      SeeInvis +    (no weapon)
rCold   . . .      Faith    .    (no shield)
rNeg    . . .      Spirit   .    (helmet restricted)
rPois   .          Reflect  .    (no amulet)
rElec   .          Rampage  .    m - ring of see invisible
rCorr   .                        (no ring)
Will    .....                    (no ring)
Stlth   +++                      (no ring)
HPRegen 0.28/turn                (no ring)
MPRegen 0.10/turn                (no ring)
                                 (no ring)
                                 (no ring)

@: paralysed
A: almost no armour, amphibious, 8 rings, camouflage 1, gelatinous body 1,
(nimble swimmer 1), tentacles
a: Renounce Religion


You were on level 5 of the Dungeon.
You worshipped Qazlal.
Qazlal was aware of your devotion.
You visited 2 branches of the dungeon, and saw 6 of its levels.

You collected 199 gold pieces.
You spent 56 gold pieces at shops.

Inventory:

Jewellery
 m - a ring of see invisible (left tentacle)
Wands
 b - a wand of flame (3) (quivered)
 c - a wand of charming (5)
 d - a wand of iceblast (2)
Scrolls
 a - 2 scrolls of fear
 e - 3 scrolls of magic mapping {unknown}
 g - 2 scrolls of teleportation {unknown}
 h - a scroll of noise {unknown}
 i - 4 scrolls of identify {unknown}
 l - a scroll of amnesia {unknown}
 n - 2 scrolls of fog {unknown}
 p - a scroll of poison {unknown}
Potions
 f - 4 potions of heal wounds
 j - a potion of ambrosia {unknown}
 k - a potion of curing {unknown}
 o - a potion of degeneration {unknown}


   Skills:
 + Level 5.9 Fighting
 + Level 6.3 Dodging
 - Level 1.3 Stealth
 - Level 3.2 Evocations


You had 6 spell levels left.
You didn't know any spells.
Your spell library contained the following spells:

 Spells                   Type           Power      Damage    Failure   Level
 Freeze                   Ice            0%         1d3       28%         1
 Frozen Ramparts          Ice            0%         1d1       65%         3
 Hailstorm                Conj/Ice       0%         3d3       65%         3
 Stone Arrow              Conj/Erth      0%         3d7       65%         3
 Airstrike                Air            0%         2d(0-16)  96%         4
 Summon Lightning Spire   Summ/Air       0%         N/A       96%         4
 Alistair's Intoxication  Tmut/Pois      0%         N/A       100%        5
 Borgnjor's Vile Clutch   Necr/Erth      0%         N/A       100%        5
 Lightning Bolt           Conj/Air       0%         1d11      100%        5
 Eringya's Noxious Bog    Tmut/Pois      0%         N/A       100%        6
 Lehudib's Crystal Spear  Conj/Erth      0%         10d2      100%        8
 Animate Armour           Summ/Erth      Unusable   N/A       N/A         4

Dungeon Overview and Level Annotations

Branches:
Dungeon (5/15)             Temple (1/1) D:5

Altars:
Ashenzari
Dithmenos
Elyvilon
Fedhas
Gozag
Hepliaklqana
Kikubaaqudgha
Makhleb
Nemelex Xobeh
Okawaru
Qazlal
Ru
Sif Muna
Trog
Uskayaw
Vehumet
Wu Jian
Xom
Yredelemnul
Zin
The Shining One

Shops:
D:4 *

Annotations:
D:5 Duvessa, Grinder


Innate Abilities, Weirdness & Mutations

You cannot wear most types of armour.
You are amphibious.
You can wear up to eight rings at the same time.
Your skin changes colour to match your surroundings (Stealth+).
Your rubbery body absorbs attacks. (AC +1, EV +1)
((You are camouflaged when in or above water. (Stealth+)))
You have tentacles for arms and can constrict up to eight enemies at once.


Message History

Grinder misses you. The white imp completely misses you. The gnoll misses you.
The gnoll hits you from afar with a +0 spear!
Unknown command.
Unknown command.
Unknown command.
Unknown command.
Unknown command.
Unknown command.
Unknown command.
Unknown command.
Aiming: Iceblast
Press: ? - help, Shift-Dir - straight line, f/p - gnoll
Aim: a gnoll, wielding a +0 spear (almost dead)
The mass of ice explodes!
The iceblast engulfs the gnoll!
You kill the gnoll!
Qazlal accepts your kill.
The iceblast engulfs Grinder!
Grinder partially resists.
Grinder is heavily wounded.
You constrict Grinder.
You hear a shout!
Grinder hits you. The white imp barely misses you.
The gnoll hits you from afar with a +0 spear.
Aiming: Iceblast
Press: ? - help, Shift-Dir - straight line
Okay, then.
Aiming: Charm
Press: ? - help, Shift-Dir - straight line, f - white imp
Aim: a white imp (chance to affect: 66%)
The white imp struggles to resist.
You constrict Grinder. Grinder gestures at you.
You suddenly lose the ability to move!
You lose your grip on Grinder.
The white imp gestures at you. The puff of frost hits you.
* * * LOW HITPOINT WARNING * * *
The gnoll hits you from afar with a +0 spear.
* * * LOW HITPOINT WARNING * * *
Grinder hits you!
* * * LOW HITPOINT WARNING * * *
You writhe in agony.
You die...

......##..))...#
.....###.##.##.# ######
#.##.##.# #.##.##.#
###### #.##.##.# #
.....# #.......# ...
.....# ####.########...#
.....######.###..5g.....
......).........@5).....
.....##.....#.....)...>.
.....##.....#..###.#....
.....##.....#..# .# ..#
#######.....#..# # #
#...........#
##.##.#.....##
###.........###
............#


You could see Grinder, a gnoll and a white imp.

Vanquished Creatures
  Menkaure (D:5)
  An ogre (D:4)
  A hound (D:4)
  3 orc priests
  7 orc wizards
  3 gnolls
  6 adders
  An ufetubus (D:2)
  3 worms
  2 dart slugs
  23 orcs
  9 endoplasms
  2 giant cockroaches (D:4)
  10 goblins
  4 hobgoblins
  9 jackals
  4 quokkas
  8 ball pythons
  9 bats
  2 frilled lizards
  A kobold (D:2)
  8 rats
117 creatures vanquished.

Vanquished Creatures (collateral kills)
  An orc wizard (D:3)
  An adder (D:4)
  2 goblins (D:4)
  A kobold (D:4)
5 creatures vanquished.

Vanquished Creatures (others)
  2 plants
2 creatures vanquished.

Grand Total: 124 creatures vanquished

Notes
Turn   | Place    | Note
-------+----------+-------------------------------------------
     0 | D:1      | M4edhros the Octopode Artificer began the quest for the
                  | Orb.
     0 | D:1      | Reached XP level 1. HP: 13/13 MP: 1/1
   193 | D:2      | Reached XP level 2. HP: 18/18 MP: 2/2
   348 | D:2      | Reached skill level 3 in Dodging
   404 | D:2      | Reached XP level 3. HP: 7/24 MP: 3/3
   744 | D:4      | Reached XP level 4. HP: 17/30 MP: 4/4
   750 | D:4      | Reached skill level 4 in Dodging
   750 | D:4      | Reached XP level 5. HP: 13/36 MP: 5/5
   888 | D:4      | Noticed an ogre
   980 | D:4      | Killed an ogre
   981 | D:4      | Reached XP level 6. HP: 43/43 MP: 6/6
  1076 | D:4      | Found Daseoxea's General Store.
  1085 | D:4      | Bought a scroll of fear for 56 gold pieces
  1420 | D:4      | Reached skill level 5 in Dodging
  1709 | D:5      | Entered Level 5 of the Dungeon
  1716 | D:5      | Noticed Duvessa
  1800 | D:5      | Found a staircase to the Ecumenical Temple.
  1897 | Temple   | Entered the Ecumenical Temple
  1906 | Temple   | Became a worshipper of Qazlal Stormbringer
  3265 | D:3      | Reached skill level 5 in Fighting
  3265 | D:3      | Reached XP level 7. HP: 32/50 MP: 7/7
  3453 | D:3      | Reached * piety under Qazlal
  4243 | D:5      | Found a white marble altar of Elyvilon.
  4250 | D:5      | Found a glowing golden altar of the Shining One.
  4251 | D:5      | Found a hazy altar of Hepliaklqana.
  4257 | D:5      | Found a shimmering altar of Xom.
  4258 | D:5      | Found a radiant altar of Vehumet.
  4260 | D:5      | Found a shadowy altar of Dithmenos.
  4261 | D:5      | Found an opulent altar of Gozag.
  4265 | D:5      | Found a sparkling altar of Nemelex Xobeh.
  4269 | D:5      | Found a basalt altar of Yredelemnul.
  4270 | D:5      | Found a sacrificial altar of Ru.
  4293 | D:5      | Noticed Menkaure
  4304 | D:5      | Killed Menkaure
  4305 | D:5      | Reached skill level 6 in Dodging
  4438 | D:5      | Noticed Grinder
  4447 | D:5      | Paralysed by Grinder for 5 turns
  4448 | D:5      | Slain by Grinder

Illustrated notes

Levels and vault maps discovered:
D:1:      lightli_arrival_flooded_house, layout_loops_ring,
          chequers_serial_rivers_small_b
D:2:      layout_basic
D:3:      cheibrodos_pilgrimage, layout_rooms
D:4:      layout_basic, serial_shops, nicolae_shop_advertising_works
          [nicolae_subvault_shop_adworks], kennysheep_opposing_triangles
D:5:      layout_loops_cross, nicolae_overflow_hallway_of_the_gods,
          minmay_temple_entry_statues_pillars, guppyfry_early_lair_pool,
          uniq_grinder, uniq_duvessa, uniq_menkaure
Temple:   minmay_freezing_vapour_temple

Skill      XL: |  1  2  3  4  5  6  7 |
---------------+----------------------+-----
Fighting       | 2 3 4 5 |  5.9
Dodging        | 3 4 5 6 |  6.3
Stealth        | |  1.3
Evocations     | |  3.2

Action                     |  1- 3 |  4- 6 |  7- 9 || total
---------------------------+-------+-------+-------++-------
  Melee: Unarmed           |    73 |   156 |   103 ||   332
         Constrict         |    18 |    43 |    29 ||    90
         Tentacles         |    23 |    44 |    34 ||   101
         Club              |     1 |       |       ||     1
         Punch             |     2 |     1 |     4 ||     7
  Evoke: Wand              |     2 |    20 |     3 ||    25
   Stab: Sleeping          |     4 |     6 |     1 ||    11
 Armour: Skin              |     1 |     7 |     2 ||    10
  Dodge: Dodged            |    47 |   124 |    68 ||   239
  Block: Other             |       |       |     3 ||     3

Table legend: (Time is in decaauts)
 A = Elapsed time spent in this place.
 B = Non-inter-level travel time spent in this place.
 C = Inter-level travel time spent in this place.
 D = Time resting spent in this place.
 E = Time spent auto-exploring this place.
 F = Levels seen in this place.
 G = Mean time per level.
                   A        B        C        D        E       F      G
               +--------+--------+--------+--------+--------+-----+--------+
         Total |   4450 |   4251 |    199 |      0 |   3334 |   6 |  741.7 |
       Dungeon |   4435 |   4241 |    194 |      0 |   3334 |   5 |  887.0 |
        Temple |     14 |      9 |      5 |      0 |      0 |   1 |   14.0 |
               +--------+--------+--------+--------+--------+-----+--------+

Top non-repeatable levels by time:
     D:4: 1186 daAuts
     D:2: 1044 daAuts
     D:3: 984 daAuts
     D:1: 748 daAuts
     D:5: 472 daAuts
  Temple: 14 daAuts
